 Dungeon Crawl Stone Soup version 0.17-a0-1718-g72dbe4d (webtiles) character file.

193 Skarn the Shield-Bearer (level 5, -10/47 HPs)
             Began as a Minotaur Fighter on Aug 24, 2015.
             Mangled by Grinder (13 damage)
             ... on level 3 of the Dungeon.
             The game lasted 00:12:54 (1065 turns).

Skarn the Shield-Bearer (Minotaur Fighter)          Turns: 1065, Time: 00:12:54

Health: -10/47     AC:  4    Str: 21    XL:     5   Next: 44%
Magic:  4/4        EV: 10    Int:  5    God:
Gold:   36         SH: 10    Dex: 10    Spells: 0 memorised, 4 levels left

rFire  . . .     SeeInvis .     a - +0 long sword
rCold  . . .     Clarity  .     x - +0 leather armour (curse)
rNeg   . . .     SustAt   +     c - +0 shield
rPois  .         Gourm    .     (helmet restricted)
rElec  .         Spirit   .     (no cloak)
rCorr  .         Warding  .     (no gloves)
rMut   .         Stasis   .     g - +0 pair of boots
MR     +....                    (no amulet)
Stlth  +.........               z - ring of protection from magic
                                k - ring of sustain attributes

@: somewhat resistant to hostile enchantments, very unstealthy
A: retaliatory headbutt, horns 2
a: no special abilities


You were on level 3 of the Dungeon.
You were hungry.

You visited 1 branch of the dungeon, and saw 3 of its levels.

You collected 36 gold pieces.

Inventory:

Hand weapons
 a - a +0 long sword (weapon)
Missiles
 i - 33 stones (quivered)
 p - 23 silver sling bullets
 v - 9 arrows
 y - 17 bolts
Armour
 b - a +0 scale mail
 c - a +0 shield (worn)
 g - a +0 pair of boots (worn)
 x - a cursed +0 leather armour (worn)
Jewellery
 k - a ring of sustain attributes (left hand)
 z - a ring of protection from magic (right hand)
Scrolls
 f - a scroll of blinking {unknown}
 m - 2 scrolls of random uselessness {unknown}
 r - 4 scrolls of fear {unknown}
 t - a scroll of teleportation {unknown}
Potions
 d - a potion of might
 h - a potion of heal wounds {unknown}
 j - a potion of resistance {unknown}
 l - a potion of cure mutation
 n - a potion of brilliance {unknown}
 o - 2 potions of agility {unknown}
 q - 2 potions of cancellation {unknown}
 u - a potion of curing
 w - a potion of flight {unknown}
Comestibles
 e - 2 bread rations
 s - a meat ration


   Skills:
 + Level 4.4 Fighting
 + Level 3.2 Long Blades
 + Level 4.6 Armour
 + Level 2.4 Dodging
 + Level 0.1 Stealth
 + Level 5.0 Shields


You had 4 spell levels left.
You didn't know any spells.

Dungeon Overview and Level Annotations

Branches:
Dungeon (3/15)

Altars:

Annotations:
D:3 Grinder


Innate Abilities, Weirdness & Mutations

You reflexively headbutt those who attack you in melee.
You have a pair of horns on your head.


Message History

Grinder blinks!
The kobold closely misses you.
You hit the kobold.
You kill the kobold!
You hear the drain falling apart.
i - 32 stones (gained 1)
You see here a stone.
i - 33 stones (gained 1) Grinder gestures.
Grinder blinks!
Items here: )) / [ ††† You slash Grinder!
Your headbutt misses Grinder.
Grinder is moderately wounded.
Grinder hits you!
* * * LOW HITPOINT WARNING * * *
You writhe in agony.
* * * LOW HITPOINT WARNING * * *
You hit Grinder. Your headbutt misses Grinder.
Grinder is moderately wounded.
Grinder hits you!
You die...

#...###..#
#.....$#
#....# ###..#
###....#
###....#.#
#......#.#
.......†.####
#.#
........5@..#
#.#
.#####.####.#
#.# #. #.#
#.# #. #.#
#.# #. #.#
#.# #. #.#
..### .< #.#
..).# #.#
###.# # #.#


You could see Grinder.

Vanquished Creatures
  A worker ant (D:3)
  Terence (D:3)
  8 adders
  4 worms
  A giant gecko (D:3)
  An orc (D:3)
  2 ball pythons
  4 giant cockroaches
  4 goblins
  6 hobgoblins
  5 jackals (D:2)
  7 bats
  2 giant newts (D:2)
  5 kobolds
  7 rats
58 creatures vanquished.

Notes
Turn   | Place    | Note
--------------------------------------------------------------
     0 | D:1      | Skarn the Minotaur Fighter began the quest for the Orb.
     0 | D:1      | Reached XP level 1. HP: 19/19 MP: 0/0
   140 | D:1      | Reached XP level 2. HP: 27/27 MP: 1/1
   231 | D:1      | Reached skill level 4 in Fighting
   331 | D:2      | Reached XP level 3. HP: 19/33 MP: 2/2
   470 | D:3      | Reached XP level 4. HP: 19/40 MP: 3/3
   548 | D:2      | Reached skill level 1 in Dodging
   834 | D:2      | Reached XP level 5. HP: 43/47 MP: 4/4
   899 | D:2      | Reached skill level 5 in Shields
  1030 | D:3      | Noticed Terence
  1035 | D:3      | Noticed Grinder
  1053 | D:3      | Killed Terence
  1065 | D:3      | Mangled by Grinder

Vault maps used:
D:1:      nicolae_arrival_somewhat_less_tricky_arrival
D:2:      lemuel_doored_altar
D:3:      portal_sewer_entry_d, minmay_unequal, uniq_grinder, uniq_terence

Action                   |  1- 3 |  4- 6 || total
-------------------------+-------+-------++-------
Melee: Long sword        |    69 |    84 ||   153
Throw: Stone             |       |     2 ||     2
  Use: Potion            |     2 |       ||     2
